cohdb
Replays
Latest Replays
All Replays
Popular Replays
Top Player Replays
Match Explorer
How It Works
Community
CoH3 Stats
Reddit
Sign in to upload your games and track your stats! →
Sign in with Steam
Match 28132329
Unlisted
Match 28132329
Overview
Messages
Build Orders
End
Selects Armored Battlegroup
Selects Assault Engineers
Assault Engineer Squad
Assault Engineer Squad
Construct Barracks
Riflemen Squad
Riflemen Squad
Construct Medical Station
Mechanized Support Center
Construct Motor Pool
Riflemen Squad
Selects Strength in Steel
M8 Greyhound Armored Car
Penetron2000
METEOR_HAMMER
DIV 250 BigBoss
^3
0
0
Comments
sign in to comment!
No comments posted yet!